 Dungeon Crawl Stone Soup version 0.22.0 (webtiles) character file.

4189 Blackhawk the Cleaver (level 10, 0/91 HPs)
             Began as a Minotaur Berserker on Nov 3, 2018.
             Was an Elder of Trog.
             Slain by an unseen horror (10 damage)
             ... on level 8 of the Dungeon on Nov 4, 2018.
             The game lasted 00:11:23 (8515 turns).

Blackhawk the Cleaver (Minotaur Berserker)          Turns: 8515, Time: 00:11:23

Health: 0/91       AC:  2    Str: 26      XL:     10   Next: 8%
Magic:  9/9        EV: 15    Int:  4      God:    Trog [****..]
Gold:   377        SH:  0    Dex:  8 (9)  Spells: 9/9 levels left

rFire    . . .     SeeInvis .   v - +0 hand axe (elec)
rCold    . . .     Gourm    .   (no shield)
rNeg     . . .     Faith    .   b - +0 animal skin
rPois    .         Spirit   .   (helmet restricted)
rElec    .         Reflect  .   (no cloak)
rCorr    .         Harm     .   (no gloves)
MR       .....                  (no boots)
Stlth    +.........             (no amulet)
HPRegen  0.25/turn              (no ring)
MPRegen  0.11/turn              (no ring)

@: drained
A: retaliatory headbutt, horns 2
a: Berserk, Trog's Hand, Brothers in Arms, Renounce Religion


You were on level 8 of the Dungeon.
You worshipped Trog.
Trog was greatly pleased with you.
You were not hungry.

You visited 1 branch of the dungeon, and saw 8 of its levels.

You collected 377 gold pieces.

Inventory:

Hand Weapons
 a - a +0 hand axe
 r - a cursed -1 hand axe
 v - a +0 hand axe of electrocution (weapon)
 w - the +4 dagger of Spite {pierce, MP+9, unknown}
   (You found it on level 4 of the Dungeon)

   It inflicts extra damage upon your enemies.
   It affects your magic capacity (+9).
Missiles
 e - 243 arrows
 h - 91 bolts
 p - 35 sling bullets
Armour
 b - a +0 animal skin (worn)
Jewellery
 D - an uncursed ring of protection from fire {unknown}
 I - an uncursed amulet of regeneration {unknown}
Wands
 z - a wand of acid (21)
 A - a wand of disintegration (6)
 C - a wand of random effects (61)
Scrolls
 d - a scroll of random uselessness {unknown}
 k - 2 scrolls of remove curse {unknown}
 l - 2 scrolls of immolation {unknown}
 m - 10 scrolls of identify {unknown}
 n - 2 scrolls of fog {unknown}
 s - 4 scrolls of teleportation {unknown}
 t - 4 scrolls of blinking {unknown}
 u - 2 scrolls of fear {unknown}
 x - 2 scrolls of enchant armour {unknown}
 y - a scroll of magic mapping {unknown}
Potions
 f - 2 potions of haste {unknown}
 g - 7 potions of curing {unknown}
 i - a potion of magic {unknown}
 j - 2 potions of brilliance {unknown}
 o - a potion of flight {unknown}
 q - a potion of resistance {unknown}
 B - a potion of degeneration {unknown}
 E - 2 potions of lignification {unknown}
 F - a potion of ambrosia {unknown}
 G - a potion of berserk rage {unknown}
Comestibles
 c - 20 rations


   Skills:
 + Level 9.5(8.5) Fighting
 + Level 9.5(8.6) Axes
 + Level 9.1(8.2) Armour
 + Level 8.3(7.4) Dodging


You had 9 spell levels left.
You didn't know any spells.
Your spell library was empty.

Dungeon Overview and Level Annotations

Branches:
Dungeon (8/15)             Temple (0/1) D:5
   Lair: D:8-11

Altars:
Zin
The Shining One

Annotations:
D:4 3 runed doors, Matezma's ghost, amateur TrBe
D:5 2 transporters, Kave's ghost, novice TrTm


Innate Abilities, Weirdness & Mutations

You reflexively headbutt those who attack you in melee.
You have a pair of horns on your head.


Message History

Something hits you! Something hits you! Something hits you but does no damage.
Something hits you. Something hits you. Something hits you! Something hits you.
You miss something. You headbutt something. Something hits you!
* * * LOW HITPOINT WARNING * * *
Something hits you.
* * * LOW HITPOINT WARNING * * *
Something completely misses you. Something hits you.
* * * LOW HITPOINT WARNING * * *
Something hits you.
* * * LOW HITPOINT WARNING * * *
Something hits you.
* * * LOW HITPOINT WARNING * * *
Something hits you!
You die...

#........## ##.......## ##>
#####.#...####.........####..
#......(.รท.........+.....
#.....####.........####..
###..## ##..(....## ##. #.##
##.....## ## #.# ##...## ###
####.##########'##### #..
#..<.....@..###.#...# #.#
#.##..##............# #.#
#.##..##.##.###.#...# #.#
#<##..##)##.##...#.## #.#
#.##....)##.#......# #.#
#.###.##.##.##...#.# #.#
#........##.###.##.#####.#
#####.......# #.##.......#
######### #.##########


There were no monsters in sight!

Vanquished Creatures
  Pikel (D:4)
  A cyclops (D:7)
  A human (D:7)
  4 hogs (D:7)
  A hungry ghost (D:7)
  Edmund (D:4)
  A water moccasin (D:8)
  2 sky beasts (D:5)
  3 slaves (D:4)
  2 ice beasts
  2 phantoms
  2 ogres (D:5)
  2 centaurs
  3 bullfrogs
  3 scorpions
  4 wights (D:8)
  3 crimson imps
  A quasit (D:8)
  A centaur zombie (D:7)
  2 bullfrog zombies
  5 hounds
  3 orc priests
  2 orc wizards
  A centaur skeleton (D:4)
  5 worker ants
  A worker ant zombie (D:5)
  14 adders
  A shadow imp (D:3)
  An ooze (D:3)
  An adder skeleton (D:4)
  2 worms
  2 dart slugs (D:1)
  6 leopard geckos
  24 orcs
  5 giant cockroaches
  9 goblins
  8 hobgoblins
  11 jackals
  8 kobolds
  5 quokkas
  2 ball pythons
  12 bats
  5 frilled lizards
  A leopard gecko skeleton (D:4)
  A leopard gecko zombie (D:5)
  5 rats
180 creatures vanquished.

Vanquished Creatures (others)
  2 fungi (D:4)
  2 plants (D:4)
4 creatures vanquished.

Grand Total: 184 creatures vanquished

Notes
Turn   | Place    | Note
-------+----------+-------------------------------------------
     0 | D:1      | Blackhawk the Minotaur Berserker began the quest for the Orb.
     0 | D:1      | Reached XP level 1. HP: 19/19 MP: 0/0
     9 | D:1      | Noticed a bullfrog
   220 | D:1      | Reached XP level 2. HP: 27/27 MP: 1/1
   776 | D:2      | Reached XP level 3. HP: 26/33 MP: 2/2
  1286 | D:2      | Reached XP level 4. HP: 30/41 MP: 3/3
  1287 | D:2      | Reached ** piety under Trog
  1932 | D:3      | Reached XP level 5. HP: 36/47 MP: 4/4
  2215 | D:3      | Reached *** piety under Trog
  2452 | D:4      | Reached skill level 5 in Fighting
  2452 | D:4      | Reached skill level 5 in Axes
  2459 | D:4      | Noticed a slave
  2459 | D:4      | Noticed a slave
  2460 | D:4      | Noticed a slave
  2460 | D:4      | Noticed a slave
  2460 | D:4      | Noticed Pikel
  2547 | D:4      | Got a dazzling dagger
  2679 | D:4      | Noticed Edmund
  2697 | D:4      | Killed a slave
  2699 | D:4      | Killed Edmund
  2699 | D:4      | Reached XP level 6. HP: 56/56 MP: 5/5
  2699 | D:4      | Killed a slave
  2704 | D:4      | Killed a slave
  2705 | D:4      | Killed Pikel
  2705 | D:4      | Reached skill level 5 in Armour
  2705 | D:4      | Reached skill level 5 in Dodging
  2705 | D:4      | Reached XP level 7. HP: 50/63 MP: 6/6
  2978 | D:4      | Found a runed gate.
  2979 | D:4      | Found a runed gate.
  2979 | D:4      | Noticed Matezma's ghost (amateur TrBe)
  2980 | D:4      | Found a runed gate.
  3458 | D:5      | Entered Level 5 of the Dungeon
  3752 | D:5      | Reached XP level 8. HP: 39/71 MP: 7/7
  3930 | D:5      | Found a transporter.
  3935 | D:5      | Found a transporter.
  3935 | D:5      | Noticed Kave's ghost (novice TrTm)
  4684 | D:5      | Found a staircase to the Ecumenical Temple.
  5299 | D:6      | Found a glowing silver altar of Zin.
  5705 | D:7      | Reached XP level 9. HP: 40/81 MP: 8/8
  5825 | D:7      | Noticed a cyclops
  6125 | D:7      | Reached **** piety under Trog
  6152 | D:7      | Found a glowing golden altar of the Shining One.
  7083 | D:7      | Killed a cyclops
  8087 | D:8      | Reached XP level 10. HP: 91/91 MP: 9/9
  8515 | D:8      | Slain by an unseen horror

Skill      XL: |  1  2  3  4  5  6  7  8  9 |
---------------+----------------------------+-----
Axes           | 4 5 6 8 9 |  9.5
Fighting       | 4 5 6 7 9 |  9.5
Armour         | 3 4 5 6 7 9 |  9.1
Dodging        | 3 4 5 6 8 |  8.3

Action                   |  1- 3 |  4- 6 |  7- 9 | 10-12 || total
-------------------------+-------+-------+-------+-------++-------
Melee: Hand axe          |    62 |    80 |   234 |    30 ||   406
       Headbutt          |    14 |    19 |    40 |     7 ||    80
Invok: Berserk           |     1 |     3 |     5 |       ||     9
 Stab: Sleeping          |       |     1 |       |       ||     1
  Eat: Chunk             |     1 |     7 |    21 |     2 ||    31
       Ration            |       |       |     2 |       ||     2
Armor: Animal skin       |    12 |    10 |    17 |     4 ||    43
Dodge: Dodged            |    43 |    63 |   143 |    25 ||   274
